 Dungeon Crawl Stone Soup version 0.15-a0-1293-g4a08026 (webtiles) character file.

79 Quh the Distorting Demonspawn (level 4, -3/35 HPs)
             Began as a Demonspawn Abyssal Knight on June 6, 2014.
             Was a Believer of Lugonu.
             Killed by divine providence
             ... invoked by an orc priest
              (7 damage)
             ... on Level 3 of the Dungeon.
             The game lasted 00:08:11 (1843 turns).

Quh the Distorting Demonspawn (DsAK)                Turns: 1843, Time: 00:08:11

HP  -3/35        AC  7     Str 13      XL: 4   Next: 17%
MP   7/7         EV  9     Int 14      God: Lugonu [**....]
Gold 134         SH  0     Dex 12      Spells:  0 memorised,  3 levels left

rFire  . . .     SeeInvis .     a - +1 spear
rCold  . . .     Clarity  .     q - +0 ring mail
rNeg   . . .     rCorr    .     (no shield)
rPois  .         rRot     .     (helmet restricted)
rElec  .         Spirit   .     (no cloak)
SustAb .         Warding  .     (no gloves)
rMut   .         Stasis   .     (no boots)
Gourm  .                        (no amulet)
MR     .....                    (no ring)
                                u - +2 ring of protection

@: not resistant to hostile enchantments, very unstealthy
A: horns 2
a: Depart the Abyss, Bend Space, Renounce Religion


You were on level 3 of the Dungeon.
You worshipped Lugonu.
Lugonu was pleased with you.
You were hungry.

You visited 1 branch of the dungeon, and saw 3 of its levels.
You visited the Abyss 1 time.

You collected 134 gold pieces.

Inventory:

Hand weapons
 a - a +1,+1 spear (weapon)
 b - a +2,+0 sling of flame
 y - a +0,+0 war axe
Missiles
 s - 34 bolts
 t - 18 stones (quivered)
Armour
 p - a +0 leather armour
 q - a +0 ring mail (worn)
 w - a +0 ring mail
Magical devices
 x - a wand of flame (5) {unknown}
Comestibles
 c - 2 bread rations
 r - 2 meat rations
Scrolls
 e - a scroll of magic mapping {unknown}
 f - 4 scrolls of remove curse {unknown}
 g - a scroll of fog {unknown}
 h - a scroll of random uselessness {unknown}
 j - a scroll of enchant weapon II {unknown}
 k - 3 scrolls of amnesia {unknown}
 l - 2 scrolls of identify {unknown}
 n - 2 scrolls of immolation {unknown}
 v - a scroll of fear {unknown}
Jewellery
 u - a +2 ring of protection (left hand)
Potions
 d - 2 potions of agility {unknown}
 i - a potion of restore abilities {unknown}
 m - a potion of magic {unknown}
 o - a potion of paralysis {unknown}


   Skills:
 - Level 3.0 Fighting
 * Level 3.2 Polearms
 - Level 1.7 Armour
 - Level 0.8 Dodging
 * Level 4.2 Invocations


You had 3 spell levels left.
You didn't know any spells.

Dungeon Overview and Level Annotations

Branches:
Dungeon (3/15)

Altars:
Xom


Innate Abilities, Weirdness & Mutations

You have a pair of horns on your head.


Message History

Something smites you!
* * * LOW HITPOINT WARNING * * *
You hit the giant cockroach.
You kill the giant cockroach!
Lugonu accepts your kill. The orc hits you but does no damage.
You see here a giant cockroach corpse.
Your ring mail prevents you from hitting the orc.
The orc priest looks braver.
The orc barely misses you.
You hit the orc. You headbutt the orc.
You kill the orc!
Lugonu accepts your kill.
The orc priest's eyes start to glow.
You hit the orc but do no damage. You headbutt the orc.
The orc is heavily wounded.
The orc barely misses you.
The orc priest calls down the wrath of Beogh upon you.
Something smites you!
You die...

...o.....# ##...........##
.........# ##.......####..#
.........########........#####.##
.......o.........................
......o..##..#######..#####......
.........#..## ##..## #......
...........## ##....## #.....#
..........########......###.....#
######.##..o...o@................
###...#.#########....####......
#.......# ##..#####......
#.......# #.......##.##.
###...######## ###.....#.....
#####......######............
#.........)...............
##......#####.............
######## #.............


You could see an orc priest and an orc.

Vanquished Creatures
  Terence (D:3)
  A worm (D:2)
  3 giant geckos
  2 orcs (D:3)
  3 giant cockroaches (D:3)
  10 goblins
  5 hobgoblins
  7 jackals
  2 kobolds
  8 bats
  5 giant newts
  8 rats
55 creatures vanquished.

Notes
Turn   | Place    | Note
--------------------------------------------------------------
     0 | Abyss:1  | Quh, the Demonspawn Abyssal Knight, began the quest for the Orb.
     0 | Abyss:1  | Reached XP level 1. HP: 18/18 MP: 1/1
     5 | Abyss:1  | Found a corrupted altar of Lugonu.
    61 | Abyss:1  | Noticed a small abomination
    70 | Abyss:1  | Noticed an ancient zyme
    72 | Abyss:1  | Noticed an efreet
    74 | D:1      | Escaped the Abyss
   198 | D:1      | Acquired Lugonu's first power
   222 | D:1      | Gained mutation: You have a pair of small horns on your head. [demonic ancestry]
   222 | D:1      | Reached XP level 2. HP: 20/24 MP: 2/2
   849 | D:2      | Reached XP level 3. HP: 29/29 MP: 5/5
  1032 | D:2      | Found a shimmering altar of Xom.
  1141 | D:2      | Acquired Lugonu's second power
  1493 | D:3      | Reached skill level 4 in Invocations
  1610 | D:3      | Noticed Terence
  1618 | D:3      | Killed Terence
  1618 | D:3      | Gained mutation: You have a pair of horns on your head. [demonic ancestry]
  1618 | D:3      | Reached XP level 4. HP: 21/35 MP: 7/7
  1843 | D:3      | Killed from afar by an orc priest

Action                   |  1- 3 |  4- 6 || total
-------------------------+-------+-------++-------
Melee: Spear             |   149 |    11 ||   160
Throw: Stone             |     3 |       ||     3
Invok: Depart the Abyss  |     1 |       ||     1
       Bend Space        |     1 |       ||     1
